 Dungeon Crawl Stone Soup version 0.26.0-7-g794d0892b4 (webtiles) character file.

Game seed: 2890160298870009141

200 fitz the Sneak (level 5, -5/34 HPs)
             Began as an Octopode Brigand on Jan 11, 2021.
             Slain by an ogre
             ... wielding a +0 giant club
              (20 damage)
             ... on level 4 of the Dungeon.
             The game lasted 00:06:22 (3355 turns).

fitz the Sneak (Octopode Brigand)                   Turns: 3355, Time: 00:06:23

Health: -5/34      AC:  1    Str: 10    XL:     5   Next: 78%
Magic:  5/5        EV: 15    Int: 13    God:
Gold:   208        SH:  0    Dex: 15    Spells: 4/4 levels left

rFire    . . .     SeeInvis .   a - +2 dagger
rCold    . . .     Faith    .   (no shield)
rNeg     . . .     Spirit   .   (helmet restricted)
rPois    .         Reflect  .   (no amulet)
rElec    .         Harm     .   (no ring)
rCorr    .         Rampage  .   (no ring)
Will     .....                  (no ring)
Stlth    ++++......             (no ring)
HPRegen  0.11/turn              (no ring)
MPRegen  0.09/turn              (no ring)
                                (no ring)
                                (no ring)

@: no status effects
A: almost no armour, stealthy swim, amphibious, 8 rings, constrict 8, camouflage
1, gelatinous body 1
a: no special abilities


You were on level 4 of the Dungeon.
You visited 1 branch of the dungeon, and saw 4 of its levels.

You collected 208 gold pieces.

Inventory:

Hand Weapons
 a - a +2 dagger (weapon)
Missiles
 b - 7 poisoned darts (quivered)
 g - 190 stones
Jewellery
 h - an uncursed amulet of the acrobat {unknown}
 r - a cursed amulet of inaccuracy {unknown}
Wands
 o - a wand of random effects (14)
 w - a wand of acid (6)
Scrolls
 d - 2 scrolls of immolation {unknown}
 e - 3 scrolls of identify {unknown}
 j - 2 scrolls of blinking {unknown}
 k - 2 scrolls of magic mapping {unknown}
 l - 3 scrolls of enchant weapon {unknown}
 p - 4 scrolls of remove curse {unknown}
 q - 5 scrolls of teleportation {unknown}
 t - 2 scrolls of fear {unknown}
 u - a scroll of amnesia {unknown}
 y - a scroll of enchant armour {unknown}
Potions
 c - a potion of flight {unknown}
 f - 2 potions of resistance {unknown}
 i - a potion of haste {unknown}
 m - a potion of degeneration {unknown}
 n - 3 potions of heal wounds {unknown}
 s - 4 potions of curing {unknown}
 v - a potion of attraction {unknown}
 x - a potion of might {unknown}


   Skills:
 - Level 2.0 Fighting
 - Level 2.0 Short Blades
 - Level 2.0 Throwing
 * Level 4.5 Dodging
 + Level 6.9 Stealth


You had 4 spell levels left.
You didn't know any spells.
Your spell library was empty.

Dungeon Overview and Level Annotations

Branches:
Dungeon (4/15)
 Temple: D:4-7

Altars:
Elyvilon
Qazlal
Ru
Zin
The Shining One


Innate Abilities, Weirdness & Mutations

You cannot wear most types of armour.
You are very stealthy in the water. (Stealth+)
You are amphibious.
You can wear up to eight rings at the same time.
You can use your tentacles to constrict eight enemies at once.
Your skin changes colour to match your surroundings (Stealth+).
Your rubbery body absorbs attacks. (AC +1, EV +1)


Message History

You throw a poisoned dart.
The poisoned dart barely misses the ogre.
Throw: 9 darts (poison)
Press: ? - help, Q - select action, (/) - cycle Shift-Dir - straight line, f/p - ogre
Aim: an ogre, wielding a +0 giant club (heavily wounded)
You throw a poisoned dart. The poisoned dart hits the ogre.
The ogre is poisoned.
The ogre is heavily wounded.
The ogre hits you with a +0 giant club!
* * * LOW HITPOINT WARNING * * *
The ogre looks more healthy.
You see here a poisoned dart.
Throw: 8 darts (poison)
Press: ? - help, Q - select action, (/) - cycle Shift-Dir - straight line, f/p - ogre
Aim: an ogre, wielding a +0 giant club (almost dead)
You throw a poisoned dart.
The poisoned dart barely misses the ogre.
The ogre hits you with a +0 giant club!!
Ouch! That really hurt!
You die...

.......... ##....##..#### .
..$.......####((...##..#..##.
#...........#..##.(..........
##..... #.....(.........#...
....... #..................#
#....###...##.............. ..
#..........##......#....#..
..##.#.........#.....##.).....
#............@##.....##...#...
.............O.....###)..##..
.#.........###.....##.....#.#
#.......(.# #....".##...#...
...##.......##
##....(#........ ......#.....#
##........##.## ...#####...##
#..#####.###.. .
##.#######..#####...####..# ..
.. #.....##........#.....#.)##
.


You could see an ogre.

Vanquished Creatures
  A scorpion (D:4)
  A worker ant (D:4)
  3 adders
  A worm (D:3)
  A dart slug (D:2)
  2 leopard geckos
  5 orcs (D:4)
  8 bats
  5 giant cockroaches
  6 goblins
  6 hobgoblins
  15 jackals
  4 kobolds
  4 quokkas (D:2)
  2 ball pythons
  A ball python skeleton (D:4)
  5 frilled lizards
  A leopard gecko skeleton (D:4)
  11 rats
82 creatures vanquished.

Notes
Turn   | Place    | Note
-------+----------+-------------------------------------------
     0 | D:1      | fitz the Octopode Brigand began the quest for the Orb.
     0 | D:1      | Reached XP level 1. HP: 14/14 MP: 1/1
   303 | D:1      | Reached XP level 2. HP: 19/19 MP: 2/2
   844 | D:2      | Reached XP level 3. HP: 24/24 MP: 3/3
   988 | D:2      | Found a stormy altar of Qazlal.
  1108 | D:2      | Reached skill level 6 in Stealth
  1277 | D:2      | Reached XP level 4. HP: 25/29 MP: 4/4
  2090 | D:3      | Found a sacrificial altar of Ru.
  2119 | D:3      | Found a white marble altar of Elyvilon.
  2119 | D:3      | Found a glowing golden altar of the Shining One.
  2120 | D:3      | Found a glowing silver altar of Zin.
  2274 | D:4      | Reached XP level 5. HP: 19/34 MP: 5/5
  2752 | D:4      | Noticed a phantom
  3271 | D:4      | Noticed an ogre
  3355 | D:4      | Slain by an ogre

Illustrated notes

Levels and vault maps discovered:
D:1:      lemuel_arrival_tunnels, layout_loops_ring
D:2:      layout_loops_ring, st_stairs_7, grunt_qazlal_clouds
D:3:      layout_basic, good_gods_temple_1, marbit_many_paths,
          minmay_large_rounded_square, chequers_mini_garden
D:4:      layout_cave_pools

Skill      XL: |  1  2  3  4 |
---------------+-------------+-----
Dodging        | 2 3 4 |  4.5
Stealth        | 6 |  6.9
Fighting       | |  2.0
Short Blades   | |  2.0
Throwing       | |  2.0

Action                   |  1- 3 |  4- 6 || total
-------------------------+-------+-------++-------
Melee: Dagger            |    57 |    87 ||   144
       Constrict         |    10 |    20 ||    30
       Tentacles         |     8 |     6 ||    14
Throw: Dart              |     1 |    21 ||    22
       Stone             |       |     7 ||     7
 Stab: Sleeping          |    17 |    15 ||    32
Armor: Skin              |     2 |     5 ||     7
Dodge: Dodged            |    26 |    53 ||    79
